3AA
IRVING BLUE SOX @ BILLINGS POLAR BEARS
07/20/2042
 
TOP OF THE 1ST
Irving Blue Sox batting - Pitching for Billings Polar Bears : RHP Austin Cunningham
Pitching: RHP Austin Cunningham
Batting: SHB Ignacio Cabrera 0-0: Called Strike
0-1: Ball
1-1: Ball
2-1: Ball
3-1: Fly out, F8 (Flyball, 8LXD, EV 98.1 MPH)
Batting: LHB James Berry 0-0: Foul Ball, location: 2F
0-1: Ball
1-1: Ball
2-1: Foul Ball, location: 2F
2-2: Ground out 3-1 (Groundball, 34, EV 98.1 MPH)
Batting: RHB Julian Lemur 0-0: Ball
1-0: Foul Ball, location: 2F
1-1: Ground out 5-3 (Groundball, 56, EV 100.0 MPH)
Top of the 1st over - 0 runs, 0 hits, 0 errors, 0 left on base; Irving 0 - Billings 0
BOTTOM OF THE 1ST
Billings Polar Bears batting - Pitching for Irving Blue Sox : RHP Jim Porter
Pitching: RHP Jim Porter
Batting: RHB Edward Johnson 0-0: Foul Ball, location: 2F
0-1: Foul Ball, location: 2F
0-2: Ball
1-2: Strikes out swinging
Batting: RHB Shalom Gestel 0-0: Ball
1-0: Called Strike
1-1: Foul Ball, location: 2F
1-2: Strikes out swinging
Batting: RHB Gary Panniers 0-0: Ground out 6-3 (Groundball, 6, EV 84.4 MPH)
Bottom of the 1st over - 0 runs, 0 hits, 0 errors, 0 left on base; Irving 0 - Billings 0
TOP OF THE 2ND
Irving Blue Sox batting - Pitching for Billings Polar Bears : RHP Austin Cunningham
Batting: RHB Bob Hill 0-0: Foul Ball, location: 2F
0-1: SINGLE (Groundball, 6MD, EV 94.4 MPH)
Batting: RHB Dan Webb 0-0: Called Strike
0-1: Grounds into double play, 5-4-3 (Groundball, 56, EV 88.1 MPH)
Batting: RHB Emílio Pueblo 0-0: Ball
1-0: DOUBLE (Flyball, 78XD, EV 108.1 MPH)
Batting: RHB Rubén Plumey 0-0: Called Strike
0-1: Called Strike
0-2: Ball
1-2: Ball
2-2: Fly out, F5 (Line Drive, 5, EV 65.0 MPH)
Top of the 2nd over - 0 runs, 2 hits, 0 errors, 1 left on base; Irving 0 - Billings 0
BOTTOM OF THE 2ND
Billings Polar Bears batting - Pitching for Irving Blue Sox : RHP Jim Porter
Batting: RHB Rupert Bethune 0-0: Called Strike
0-1: Foul Ball, location: 2F
0-2: Ball
1-2: Strikes out looking
Batting: RHB Jose Reginalde 0-0: Called Strike
0-1: Ball
1-1: Ball
2-1: Called Strike
2-2: Foul Ball, location: 2F
2-2: Ball
3-2: Foul Ball, location: 2F
3-2: Base on Balls
Batting: LHB Stanley Bell 0-0: Ball
1-0: Ball
2-0: Fly out, F7 (Line Drive, 7, EV 110.0 MPH)
Batting: RHB Pleun Vleugel 0-0: Called Strike
0-1: Called Strike
0-2: Fly out, F7 (Line Drive, 78S, EV 101.9 MPH)
Bottom of the 2nd over - 0 runs, 0 hits, 0 errors, 1 left on base; Irving 0 - Billings 0
TOP OF THE 3RD
Irving Blue Sox batting - Pitching for Billings Polar Bears : RHP Austin Cunningham
Batting: RHB Martín Muñóz 0-0: Foul Ball, location: 2F
0-1: Ball
1-1: Ball
2-1: Ground out U3 (Groundball, 34, EV 86.2 MPH)
Batting: RHB Gabriel De La Garza 0-0: Called Strike
0-1: Ball
1-1: Called Strike
1-2: Strikes out swinging
Batting: SHB Ignacio Cabrera 0-0: Ball
1-0: Swinging Strike
1-1: Ground out 5-3 (Groundball, 56, EV 86.2 MPH)
Top of the 3rd over - 0 runs, 0 hits, 0 errors, 0 left on base; Irving 0 - Billings 0
BOTTOM OF THE 3RD
Billings Polar Bears batting - Pitching for Irving Blue Sox : RHP Jim Porter
Batting: SHB Roy Maynard 0-0: Fly out, F7 (Flyball, 7, EV 86.2 MPH)
Batting: RHB Kelly Johnson 0-0: Called Strike
0-1: Ball
1-1: Ground out 4-3 (Groundball, 4M, EV 83.1 MPH)
Batting: RHB Edward Johnson 0-0: Ball
1-0: Called Strike
1-1: Ground out 1-3 (Groundball, P, EV 88.8 MPH)
Bottom of the 3rd over - 0 runs, 0 hits, 0 errors, 0 left on base; Irving 0 - Billings 0
TOP OF THE 4TH
Irving Blue Sox batting - Pitching for Billings Polar Bears : RHP Austin Cunningham
Batting: LHB James Berry 0-0: Called Strike
0-1: Ball
1-1: Ground out 6-3 (Groundball, 6M, EV 88.8 MPH)
Batting: RHB Julian Lemur 0-0: Ball
1-0: Foul Ball, location: 2F
1-1: Ball
2-1: Foul Ball, location: 2F
2-2: Ball
3-2: Fly out, F8 (Flyball, 89D, EV 93.1 MPH)
Batting: RHB Bob Hill 0-0: Called Strike
0-1: Ball
1-1: Ball
2-1: Foul Ball, location: 2F
2-2: SOLO HOME RUN (Flyball, 78XD, EV 105.6 MPH), Distance : 417 ft
Batting: RHB Dan Webb 0-0: Ball
1-0: Called Strike
1-1: Ball
2-1: Ground out 5-3 (Groundball, 56S, EV 87.5 MPH)
Top of the 4th over - 1 run, 1 hit, 0 errors, 0 left on base; Irving 1 - Billings 0
BOTTOM OF THE 4TH
Billings Polar Bears batting - Pitching for Irving Blue Sox : RHP Jim Porter
Batting: RHB Shalom Gestel 0-0: Ball
1-0: SINGLE (Groundball, 34D, EV 101.9 MPH)
Batting: RHB Gary Panniers 0-0: Foul Ball, location: 2F
0-1: Ball
1-1: Swinging Strike
1-2: Ball
2-2: SINGLE (Line Drive, 9S, EV 111.2 MPH)
Shalom Gestel to second
Batting: RHB Rupert Bethune 0-0: Ball
1-0: Foul Ball, location: 2F
1-1: Foul Ball, location: 2F
1-2: Foul Ball, location: 2F
1-2: Foul Ball, location: 2F
1-2: Foul Ball, location: 2F
1-2: Ball
2-2: Strikes out looking
Batting: RHB Jose Reginalde 0-0: Called Strike
0-1: Ball
1-1: Foul Ball, location: 2F
1-2: SINGLE (Groundball, 3D, EV 107.5 MPH)
Shalom Gestel to third
Gary Panniers to second
Batting: LHB Stanley Bell 0-0: Foul Ball, location: 2F
0-1: Foul Ball, location: 2F
0-2: Foul Ball, location: 2F
0-2: Ball
1-2: Strikes out swinging
Batting: RHB Pleun Vleugel 0-0: Called Strike
0-1: Foul Ball, location: 2F
0-2: Foul Ball, location: 2F
0-2: Ball
1-2: Ball
2-2: Strikes out swinging
Bottom of the 4th over - 0 runs, 3 hits, 0 errors, 3 left on base; Irving 1 - Billings 0
TOP OF THE 5TH
Irving Blue Sox batting - Pitching for Billings Polar Bears : RHP Austin Cunningham
Batting: RHB Emílio Pueblo 0-0: Ball
1-0: Ball
2-0: Called Strike
2-1: Ground out 6-3 (Groundball, 6M, EV 80.6 MPH)
Batting: RHB Rubén Plumey 0-0: Ground out 4-3 (Groundball, 4, EV 88.8 MPH)
Batting: RHB Martín Muñóz 0-0: Ball
1-0: Foul Ball, location: 2F
1-1: Ball
2-1: SINGLE (Flyball, 8RS, EV 90.0 MPH)
Batting: RHB Gabriel De La Garza 0-0: Ball
1-0: Ball
2-0: Ground out 5-3 (Groundball, 56S, EV 89.4 MPH)
Top of the 5th over - 0 runs, 1 hit, 0 errors, 1 left on base; Irving 1 - Billings 0
BOTTOM OF THE 5TH
Billings Polar Bears batting - Pitching for Irving Blue Sox : RHP Jim Porter
Batting: SHB Roy Maynard 0-0: Ball
1-0: Ball
2-0: Called Strike
2-1: Foul Ball, location: 2F
2-2: Strikes out swinging
Batting: RHB Kelly Johnson 0-0: Ball
1-0: Called Strike
1-1: SOLO HOME RUN (Line Drive, 7D, EV 101.2 MPH), Distance : 371 ft
Batting: RHB Edward Johnson 0-0: Ball
1-0: Ball
2-0: Ball
3-0: Base on Balls
Batting: RHB Shalom Gestel 0-0: Ball
1-0: Ball
2-0: Swinging Strike
2-1: Ball
3-1: Called Strike
3-2: Foul Ball, location: 2F
3-2: Strikes out swinging
Batting: RHB Gary Panniers 0-0: Called Strike
0-1: Ball
1-1: Ball
2-1: Foul Ball, location: 2F
2-2: Fly out, F6 (Line Drive, 6, EV 72.5 MPH)
Bottom of the 5th over - 1 run, 1 hit, 0 errors, 1 left on base; Irving 1 - Billings 1
TOP OF THE 6TH
Irving Blue Sox batting - Pitching for Billings Polar Bears : RHP Austin Cunningham
Batting: SHB Ignacio Cabrera 0-0: Called Strike
0-1: Swinging Strike
0-2: Ball
1-2: Fly out, F8 (Flyball, 78D, EV 82.5 MPH)
Batting: LHB James Berry 0-0: Foul Ball, location: 2F
0-1: Ball
1-1: Foul Ball, location: 2F
1-2: Hit by Pitch
Batting: RHB Julian Lemur 0-0: Called Strike
0-1: Called Strike
0-2: Ball
1-2: Foul Ball, location: 2F
1-2: Fielders Choice at 2nd, 6-4 (Groundball, 6, EV 75.0 MPH)
Batting: RHB Bob Hill 0-0: Called Strike
Julian Lemur steals 2nd base
0-1: Swinging Strike
0-2: Foul Ball, location: 2F
0-2: Ground out 4-3 (Groundball, 4MD, EV 103.1 MPH)
Top of the 6th over - 0 runs, 0 hits, 0 errors, 1 left on base; Irving 1 - Billings 1
BOTTOM OF THE 6TH
Billings Polar Bears batting - Pitching for Irving Blue Sox : RHP Jim Porter
Batting: RHB Rupert Bethune 0-0: Reached on error, E3 (Groundball, 3, EV 110.6 MPH)
Batting: RHB Jose Reginalde 0-0: Called Strike
0-1: Swinging Strike
0-2: Strikes out swinging
Batting: LHB Stanley Bell 0-0: Ball
1-0: SINGLE (Groundball, 3D, EV 105.0 MPH)
Rupert Bethune to second
Runner from 2nd tries for 3rd, SAFE, no throw by RF
Batting: RHB Pleun Vleugel 0-0: Ball
1-0: Called Strike
1-1: Ball
2-1: Foul Ball, location: 2F
2-2: Foul Ball, location: 2F
2-2: Foul Ball, location: 2F
2-2: Ball
3-2: Strikes out swinging
Stanley Bell steals 2nd base
Batter strikes out.
Batting: SHB Roy Maynard 0-0: Called Strike
0-1: Ball
1-1: Foul Ball, location: 2F
1-2: Ball
2-2: Ball
3-2: Fly out, F7 (Flyball, 7LMF, EV 93.8 MPH)
Bottom of the 6th over - 0 runs, 1 hit, 1 error, 2 left on base; Irving 1 - Billings 1
TOP OF THE 7TH
Irving Blue Sox batting - Pitching for Billings Polar Bears : RHP Austin Cunningham
Pitching: RHP Darrel Parker
Batting: RHB Dan Webb 0-0: Ball
1-0: Called Strike
1-1: Ball
2-1: Swinging Strike
2-2: SINGLE (Groundball, 4MD, EV 96.9 MPH)
Batting: RHB Emílio Pueblo 0-0: Called Strike
0-1: Ball
1-1: Grounds into double play, 5-4-3 (Groundball, 56, EV 109.4 MPH)
Batting: RHB Rubén Plumey 0-0: Called Strike
0-1: Fly out, F7 (Flyball, 78M, EV 86.9 MPH)
Top of the 7th over - 0 runs, 1 hit, 0 errors, 0 left on base; Irving 1 - Billings 1
BOTTOM OF THE 7TH
Billings Polar Bears batting - Pitching for Irving Blue Sox : RHP Jim Porter
Batting: RHB Kelly Johnson 0-0: Foul Ball, location: 2F
0-1: Foul Ball, location: 2F
0-2: Foul Ball, location: 2F
0-2: Ball
1-2: Foul Ball, location: 2F
1-2: Ball
2-2: Foul Ball, location: 2F
2-2: SINGLE (Flyball, 9LS, EV 88.1 MPH)
Pitching: LHP Lex Janssen
Batting: RHB Edward Johnson 0-0: Sac Bunt to 15S - play at first, batter OUT! 1-4
Kelly Johnson to second
Batting: RHB Shalom Gestel 0-0: Called Strike
0-1: Swinging Strike
0-2: Strikes out swinging
Batting: RHB Gary Panniers 0-0: Ball
1-0: Foul Ball, location: 2F
1-1: Foul Ball, location: 2F
1-2: Ball
2-2: Foul Ball, location: 2F
2-2: Ball
3-2: Strikes out swinging, 2-3 out at first.
Bottom of the 7th over - 0 runs, 1 hit, 0 errors, 1 left on base; Irving 1 - Billings 1
TOP OF THE 8TH
Irving Blue Sox batting - Pitching for Billings Polar Bears : RHP Darrel Parker
Batting: RHB Martín Muñóz 0-0: Ball
1-0: Called Strike
1-1: Ball
2-1: Swinging Strike
2-2: Strikes out swinging
Batting: RHB Gabriel De La Garza 0-0: Called Strike
0-1: Foul Ball, location: 2F
0-2: SOLO HOME RUN (Flyball, 78XD, EV 109.4 MPH), Distance : 419 ft
Batting: SHB Ignacio Cabrera 0-0: Swinging Strike
0-1: Called Strike
0-2: Foul Ball, location: 2F
0-2: Strikes out swinging
Batting: LHB James Berry 0-0: Called Strike
0-1: Ball
1-1: Called Strike
1-2: Strikes out looking
Top of the 8th over - 1 run, 1 hit, 0 errors, 0 left on base; Irving 2 - Billings 1
BOTTOM OF THE 8TH
Billings Polar Bears batting - Pitching for Irving Blue Sox : LHP Lex Janssen
Batting: RHB Rupert Bethune 0-0: Foul Ball, location: 2F
0-1: Ball
1-1: Called Strike
1-2: Strikes out swinging
Batting: RHB Jose Reginalde 0-0: Ball
1-0: Foul Ball, location: 2F
1-1: Ball
2-1: Swinging Strike
2-2: Strikes out swinging
Batting: LHB Stanley Bell 0-0: Ball
1-0: Foul Ball, location: 2F
1-1: Called Strike
1-2: Foul Ball, location: 2F
1-2: Fly out, F8 (Flyball, 8LS, EV 87.5 MPH)
Bottom of the 8th over - 0 runs, 0 hits, 0 errors, 0 left on base; Irving 2 - Billings 1
TOP OF THE 9TH
Irving Blue Sox batting - Pitching for Billings Polar Bears : RHP Darrel Parker
Batting: RHB Julian Lemur 0-0: Called Strike
0-1: Swinging Strike
0-2: Strikes out swinging
Batting: RHB Bob Hill 0-0: Called Strike
0-1: Ball
1-1: Reached on error, E6 (Groundball, 6, EV 101.9 MPH)
Batting: RHB Dan Webb 0-0: Intentional Walk
Batting: RHB Emílio Pueblo 0-0: Ball
1-0: Foul Ball, location: 2F
1-1: Called Strike
1-2: Ball
2-2: DOUBLE (Flyball, 8RD, EV 90.0 MPH)
Bob Hill scores
Dan Webb to third
Batting: RHB Rubén Plumey 0-0: Hit by Pitch
Batting: RHB Martín Muñóz 0-0: Called Strike
0-1: Swinging Strike
0-2: Hit by Pitch
Dan Webb scores
Emílio Pueblo to third
Rubén Plumey to second
Pitching: RHP Howard Gross
Batting: RHB Gabriel De La Garza 0-0: Ball
1-0: Foul Ball, location: 2F
1-1: Called Strike
1-2: Strikes out swinging
Batting: SHB Ignacio Cabrera 0-0: Ball
1-0: Fly out, F6 (Popup, 6MS, EV 87.5 MPH)
Top of the 9th over - 2 runs, 1 hit, 1 error, 3 left on base; Irving 4 - Billings 1
BOTTOM OF THE 9TH
Billings Polar Bears batting - Pitching for Irving Blue Sox : LHP Lex Janssen
Pitching: RHP Christopher Tracy
Batting: RHB Pleun Vleugel 0-0: Called Strike
0-1: Swinging Strike
0-2: Foul Ball, location: 2F
0-2: Ball
1-2: Foul Ball, location: 2F
1-2: Ball
2-2: Foul Ball, location: 2F
2-2: SINGLE (Line Drive, 4D, EV 95.0 MPH)
Batting: SHB Roy Maynard 0-0: Ball
1-0: Called Strike
1-1: Swinging Strike
1-2: Strikes out looking
Batting: RHB Kelly Johnson 0-0: Foul Ball, location: 2F
0-1: Ball
1-1: Foul Ball, location: 2F
1-2: Ball
2-2: Foul Ball, location: 2F
2-2: Ball
3-2: Base on Balls
Pleun Vleugel to second
Batting: RHB Edward Johnson 0-0: Ball
1-0: Swinging Strike
1-1: Ball
2-1: Foul Ball, location: 2F
2-2: Fly out, F8 (Flyball, 8LD, EV 92.5 MPH)
Batting: RHB Shalom Gestel 0-0: Foul Ball, location: 2F
0-1: Ball
1-1: Fly out, F7 (Flyball, 7S, EV 85.0 MPH)
Bottom of the 9th over - 0 runs, 1 hit, 0 errors, 2 left on base; Irving 4 - Billings 1
Friday, March 26th, 2021 - OOTP Baseball 20.8 Build 74